 Dungeon Crawl Stone Soup version 0.21-a0-531-gacddea6 (webtiles) character file.

26 Amnesiac the Vexing (level 2, -6/16 HPs)
             Began as a Deep Elf Arcane Marksman on Dec 12, 2017.
             Mangled by an ogre
             ... wielding a +0 giant spiked club
              (9 damage)
             ... on level 5 of the Dungeon.
             The game lasted 00:02:52 (886 turns).

Amnesiac the Vexing (Deep Elf Arcane Marksman)       Turns: 886, Time: 00:02:53

Health: -6/16      AC:  3    Str:  6 (7)  XL:     2   Next: 89%
Magic:  0/7        EV: 13    Int: 15 (17) God:
Gold:   10         SH:  0    Dex: 12 (15) Spells: 2/5 levels left

rFire    . . .     SeeInvis .   b - +0 quarterstaff
rCold    . . .     Gourm    .   (shield currently unavailable)
rNeg     . . .     Faith    .   e - +1 robe
rPois    .         Spirit   .   (no helmet)
rElec    .         Reflect  .   (no cloak)
rCorr    .         Harm     .   (no gloves)
MR       .....                  (no boots)
Stlth    +.........             (no amulet)
HPRegen  0.05/turn              (no ring)
MPRegen  0.10/turn              (no ring)

@: no status effects
A: no striking features
a: no special abilities


You were on level 5 of the Dungeon.
You were hungry.

You visited 1 branch of the dungeon, and saw 5 of its levels.

You collected 10 gold pieces.

Inventory:

Hand Weapons
 a - a +0 shortbow
 b - a +0 quarterstaff (weapon)
Missiles
 d - 19 arrows
 g - a stone (quivered)
 k - 10 poisoned needles
Armour
 e - a +1 robe (worn)
 i - a +0 ring mail
Wands
 l - a wand of random effects (28)
Scrolls
 j - 2 scrolls of enchant armour {!r}
Books
 c - a book of Debilitation

   Spells                             Type                      Level
   a - Corona                         Hexes                        1
   b - Slow                           Hexes                        2
   c - Inner Flame                    Hexes/Fire                   3
   d - Portal Projectile              Hexes/Translocation          3
   e - Cause Fear                     Hexes                        4
   f - Leda's Liquefaction            Hexes/Earth                  4
Comestibles
 f - a bread ration


   Skills:
 + Level 1.0 Fighting
 * Level 2.8 Bows
 + Level 2.6 Dodging
 + Level 2.0 Spellcasting
 * Level 4.5 Hexes


You had 2 spell levels left.
You knew the following spells:

 Your Spells              Type           Power        Failure   Level  Hunger
a - Corona                Hex            ###....      3%          1    #......
e - Slow                  Hex            ###.....     5%          2    ###....


Dungeon Overview and Level Annotations

Branches:
Dungeon (5/15)
 Temple: D:4-7

Altars:

Annotations:
D:3 anet's ghost, amateur DEWz
D:4 Amnesiac's ghost, amateur DEAM


Message History

You kill the giant cockroach!
The ogre closely misses you.
You see here a giant cockroach corpse.
A quokka comes into view.
Casting: Slow
Confirm with . or Enter, or press ? or * to list all spells.
Aiming: Slow
Press: ? - help, Shift-Dir - straight line, f - ogre
Aim: an ogre, wielding a giant spiked club (chance to defeat MR: 51%)
The ogre resists with significant effort.
The ogre closely misses you.
Unknown command.
Casting: Slow
Confirm with . or Enter, or press ? or * to list all spells.
Aiming: Slow
Press: ? - help, Shift-Dir - straight line, f/p - ogre
Aim: an ogre, wielding a giant spiked club (chance to defeat MR: 51%)
The ogre resists with significant effort.
The quokka barely misses you.
Casting: Slow
Confirm with . or Enter, or press ? or * to list all spells.
Aiming: Slow
Press: ? - help, Shift-Dir - straight line, f - quokka, p - ogre
Aim: a quokka (chance to defeat MR: 69%)
The quokka seems to slow down.
You are feeling hungry.
The ogre misses you. The quokka closely misses you.
You closely miss the quokka. The ogre closely misses you.
The quokka barely misses you.
Casting: Slow
Confirm with . or Enter, or press ? or * to list all spells.
Aiming: Corona
Press: ? - help, Shift-Dir - straight line, f/p - quokka
Aim: a quokka (slow, chance to defeat MR: 69%)
The quokka is outlined in light.
The ogre barely misses you. The quokka misses you.
You hit the quokka.
The quokka is almost dead.
The ogre hits you with a giant spiked club!
* * * LOW HITPOINT WARNING * * *
The quokka bites you but does no damage.
You hit the quokka but do no damage.
The quokka is almost dead.
The ogre barely misses you.
The quokka bites you but does no damage.
You hit the quokka.
You kill the quokka!
The ogre closely misses you.
You see here a quokka corpse.
Really read
m - a scroll labeled OSKA YBLOPP {!r}?
As you read the scroll labeled OSKA YBLOPP {!r}, it crumbles to dust.
The dust glows bright umber!
It was a scroll of random uselessness {!r}.
Okay, then.
You aren't carrying any potions.
Casting: Corona
Confirm with . or Enter, or press ? or * to list all spells.
Aiming: Corona
Press: ? - help, Shift-Dir - straight line, f - ogre
Aim: an ogre, wielding a giant spiked club (chance to defeat MR: 51%)
The ogre is outlined in light.
The ogre hits you with a giant spiked club!
Ouch! That really hurt!
You die...

#..#
##.#
#.#
#Z#
#.#
#S#
#h#
#.#♣#
#.#@#
#hO.#
#####


You could see an ogre and a jackal.

Vanquished Creatures
  An adder (D:5)
  An orc (D:4)
  3 giant cockroaches
  A goblin (D:3)
  A hobgoblin (D:2)
  3 jackals (D:5)
  A kobold (D:1)
  2 quokkas (D:5)
13 creatures vanquished.

Vanquished Creatures (others)
  7 toadstools (D:1)
7 creatures vanquished.

Grand Total: 20 creatures vanquished

Notes
Turn   | Place    | Note
-------+----------+-------------------------------------------
     0 | D:1      | Amnesiac the Deep Elf Arcane Marksman began the quest for the Orb.
     0 | D:1      | Reached XP level 1. HP: 11/11 MP: 5/5
    84 | D:1      | You fall through a shaft!
   316 | D:3      | Noticed anet's ghost (amateur DEWz)
   454 | D:4      | Reached XP level 2. HP: 5/16 MP: 4/6
   608 | D:4      | Learned a level 2 spell: Slow
   691 | D:4      | Noticed Amnesiac's ghost (amateur DEAM)
   728 | D:5      | Entered Level 5 of the Dungeon
   760 | D:5      | Reached skill level 1 in Fighting
   767 | D:5      | Noticed an ogre
   886 | D:5      | Mangled by an ogre

Vault maps used:
D:1:      nagdon_arrival_zigzag_paths, minmay_lizard_pond
D:2:      hangedman_abyss_or_decor_stabs
D:3:      first_bread, saegor_snake_ambush
D:4:      cheibrodos_old_hovel
D:5:      kennysheep_kobold_camp, serial_shops, shop, shop, shop,
          kennysheep_mini_moat, kennysheep_little_box

Skill      XL: |  1  2 |
---------------+-------+-----
Fighting       | 1 |  1.0
Spellcasting   | 2 |  2.0
Bows           | |  2.8
Dodging        | |  2.6
Hexes          | |  4.5

Action                   || total
-------------------------++-------
Melee: Quarterstaff      ||    35
       Short sword       ||     6
 Fire: Shortbow          ||     8
Throw: Stone             ||     1
 Cast: Corona            ||    13
       Slow              ||     5
  Use: Scroll            ||     2
       Potion            ||     1
 Stab: Sleeping          ||     1
Armor: Robe              ||    11
Dodge: Dodged            ||    58

Table legend:
 A = Spawn XP
 B = Non-spawn XP
 C = Spawn XP percentage of total XP
 D = Spawn monster count
 E = Non-spawn monster count
 F = Spawn count percentage of total count
 G = Total turns spent on level
                    A         B        C        D         E        F      G
               +---------+---------+-------+---------+---------+-------+---------
         Total |       0 |      38 |   0.0 |       0 |      13 |   0.0 |   886
               +---------+---------+-------+---------+---------+-------+---------
           D:1 |       0 |       6 |   0.0 |       0 |       3 |   0.0 |   101
           D:2 |       0 |       2 |   0.0 |       0 |       1 |   0.0 |   199
           D:3 |       0 |       2 |   0.0 |       0 |       1 |   0.0 |    22
           D:4 |       0 |       3 |   0.0 |       0 |       1 |   0.0 |   406
           D:5 |       0 |      25 |   0.0 |       0 |       7 |   0.0 |   158
               +---------+---------+-------+---------+---------+-------+---------
